 Dungeon Sprint DCSS version 0.31-a0-1597-ge7908ec95f (webtiles) character file.

Game seed: 5336962594260544538

56 Conn the Firebug (level 3, 0/31 HPs)
             Began as an Octopode Fire Elementalist on Jan 7, 2024.
             Succumbed to a scorpion's poison
             ... in the Dungeon (Sprint II: "The Violet Keep of Menkaure").
             The game lasted 00:00:48 (18 turns).

Conn the Firebug (Octopode Fire Elementalist)         Turns: 18, Time: 00:00:49

Health: 0/31       AC:  1    Str:  7    XL:     3   Next: 95%
Magic:  0/7        EV: 13    Int: 19    God:
Gold:   0          SH:  0    Dex: 12    Spells: 7/8 levels left

rFire   . . .        (no weapon)
rCold   . . .        (no shield)
rNeg    . . .        (helmet restricted)
rPois   .            (no amulet)
rElec   .            (no ring)
rCorr   .            (no ring)
SInv    .            (no ring)
Will    .....        (no ring) Stlth
                     (no ring)
HPRegen 0.25/turn    (no ring)
MPRegen 0.10/turn    (no ring)
                     (no ring)

%: no teleportation
@: berserking (expiring), lethally poisoned (0 -> -16), hasted, very quick
A: almost no armour, amphibious, 8 rings, camouflage 1, gelatinous body 1,
(nimble swimmer 1), tentacles
a: no special abilities


You were in the Dungeon.
You visited 1 branch

Inventory:

Scrolls
 f - a scroll of blinking
Potions
 a - 3 potions of magic
 b - a potion of curing
 c - a potion of heal wounds


   Skills:
 + Level 3.3 Dodging
 + Level 4.0 Stealth
 + Level 0.5 Unarmed Combat
 * Level 3.4 Spellcasting
 * Level 1.6 Conjurations
 + Level 6.0 Fire Magic


You had 7 spell levels left.
You knew the following spells:

 Your Spells              Type           Power      Damage    Failure   Level
a - Foxfire               Conj/Fire      68%        2x1d7     3%          1

Your spell library contained the following spells:

 Spells                   Type           Power      Damage    Failure   Level
 Scorch                   Fire           52%        2d7       1%          2
 Inner Flame              Hex/Fire       14%        N/A       13%         3
 Volatile Blastmotes      Fire/Tloc      28%        2d12      13%         3
 Flame Wave               Conj/Fire      17%        2d7       30%         4


Dungeon Overview and Level Annotations

Branches:
Dungeon (1/1)

Altars:


Innate Abilities, Weirdness & Mutations

You cannot wear most types of armour.
You are amphibious.
You can wear up to eight rings at the same time.
Your skin changes colour to match your surroundings (Stealth+).
Your rubbery body absorbs attacks. (AC +1, EV +1)
((You are camouflaged when in or above water. (Stealth+)))
You have tentacles for arms and can constrict up to eight enemies at once.


Message History

Your experience leads to an increase in your attributes!
Increase (S)trength, (I)ntelligence, or (D)exterity?
You feel clever. x2
Unknown command.
Unknown command.
You barely miss the scorpion. You grab the scorpion.
You constrict the scorpion, but do no damage.
You feel sick. The scorpion barely misses you. x2
You tentacle-slap the scorpion.
The scorpion is lightly wounded.
You constrict the scorpion, but do no damage.
You feel sick. The scorpion stings you.
* * * LOW HITPOINT WARNING * * *
You are lethally poisoned!
The scorpion poisons you!
You tentacle-slap the scorpion. Your squeeze misses the scorpion.
The scorpion is moderately wounded.
You constrict the scorpion.
* * * LOW HITPOINT WARNING * * *
You feel very sick. The scorpion stings you.
* * * LOW HITPOINT WARNING * * *
The scorpion stings you.
* * * LOW HITPOINT WARNING * * *
Unknown command.
Unknown command.
Unknown command.
Unknown command.
Unknown command.
Unknown command.
Unknown command.
Unknown command.
You are too berserk!
Sorry, you're not good enough to have a special ability.
Unknown command.
Unknown command.
You barely miss the scorpion.
The scorpion is heavily wounded.
You constrict the scorpion, but do no damage.
You die...

# #+#
#..###†##
#$'s@.+
#..###s##
# #+#


You could see 2 scorpions.

Vanquished Creatures
  A scorpion (D)
1 creature vanquished.

Vanquished Creatures (others)
  6 foxfires (D)
6 creatures vanquished.

Grand Total: 7 creatures vanquished

Notes
Turn   | Place    | Note
-------+----------+-------------------------------------------
     0 | D        | Conn the Octopode Fire Elementalist began the quest for the
                  | Orb.
     0 | D        | Reached XP level 1. HP: 11/11 MP: 3/3
     2 | D        | Noticed a scorpion
     2 | D        | Noticed a scorpion
     7 | D        | Noticed a scorpion
    14 | D        | Killed a scorpion
    15 | D        | Reached skill level 6 in Fire Magic
    15 | D        | Reached XP level 2. HP: 14/17 MP: 0/6
    15 | D        | Reached XP level 3. HP: 18/21 MP: 0/7
    18 | D        | Succumbed to a scorpion's poison

Illustrated notes

Levels and vault maps discovered:
D:        the_violet_keep_of_menkaure [sprint2_stairs_cluster_1,
          sprint2_shoproom, sprint2_temple, sprint2_basic_supplies,
          sprint2_obstacle_6, sprint2_obstacle_2, sprint2_obstacle_3,
          sprint2_obstacle_7, sprint2_obstacle_4, sprint2_timed_cluster_1,
          sprint2_smallroom_cluster_1, sprint2_smallroom_final_cluster_1,
          sprint2_transparent_cluster_1, sprint2_second_timed_cluster_1,
          sprint2_sniper_area_1, sprint2_heavy_combat_area_1,
          sprint2_mutation_trap_area_1, sprint2_forest_area_1,
          sprint2_light_combat_area_1, sprint2_behind_water_1,
          sprint2_near_end_vault_1]

Skill      XL: |  1 |
---------------+----+-----
Dodging        | 3 |  3.3
Stealth        | 4 |  4.0
Spellcasting   | 3 |  3.4
Fire Magic     | 6 |  6.0
Unarmed Combat | |  0.5
Conjurations   | |  1.6

Action                     || total
---------------------------++-------
  Melee: Unarmed           ||     9
         Constrict         ||     2
   Cast: Foxfire           ||     3
    Use: Potion            ||     2
 Armour: Skin              ||     4
  Dodge: Dodged            ||     6

Table legend: (Time is in decaauts)
 A = Elapsed time spent in this place.
 B = Non-inter-level travel time spent in this place.
 C = Inter-level travel time spent in this place.
 D = Time resting spent in this place.
 E = Time spent auto-exploring this place.
 F = Levels seen in this place.
 G = Mean time per level.
                   A        B        C        D        E       F      G
               +--------+--------+--------+--------+--------+-----+--------+
         Total |     12 |     12 |      0 |      0 |      0 |   1 |   12.0 |
       Dungeon |     12 |     12 |      0 |      0 |      0 |   1 |   12.0 |
               +--------+--------+--------+--------+--------+-----+--------+

Top non-repeatable levels by time:
       D: 12 daAuts
